Map: Backwater LE

Players

HogRider - Winner!

  • Race: Terran Terran
  • League: Diamond
  • Spawn Location: 11:00

axu

  • Race: Protoss Protoss
  • League: Platinum
  • Spawn Location: 5:00

VOD

Have the link to the VOD?

Description

Time

  • Played on: April 10, 2018, 12:27 p.m.
  • Length: 10:57
Show
View Real Time Build Order
Export as new Build Order

HogRider Terran - Winner!

Build Orders:  

Get SALT Encoding   

  12  0:01  SCV  
  13  0:13  SCV  
  14  0:19  Supply Depot  
  14  0:25  SCV  
  15  0:40  SCV  
  15  0:42  Barracks  
  16  0:46  Refinery  
  16  0:51  Refinery  
  16  0:56  SCV  
  17  1:10  Barracks  
  17  1:14  SCV  
  18  1:32  Reaper, Supply Depot  
  19  1:44  SCV  
  20  1:56  SCV  
  20  2:00  Reaper  
  22  2:01  Barracks  
  22  2:06  Reaper  
  23  2:14  Orbital Command  
  23  2:32  Reaper  
  24  2:39  Reaper  
  25  2:53  Reaper  
  26  3:04  Reaper  
  27  3:11  Reaper  
  28  3:25  Reaper  
  28  3:36  Reaper  
  28  3:43  Reaper  
  28  3:57  Reaper  
  28  4:01  Command Center  
  28  4:16  SCV  
  29  4:28  SCV  
  26  4:40  SCV  
  26  4:42  Reaper  
  26  4:43  Reaper x2  
  29  4:48  Factory  
  29  4:52  SCV  
  27  5:22  Orbital Command  
  27  5:23  Barracks Reactor, Barracks Tech Lab  
  27  5:31  Factory Reactor, Barracks Tech Lab  
  27  5:34  Starport  
  27  5:38  Engineering Bay  
  27  5:41  Supply Depot  
  26  5:56  Stimpack  
  26  5:57  Marine x2  
  26  5:59  Marine x2  
  26  6:04  Terran Infantry Weapons Level 1  
  30  6:06  Engineering Bay  
  30  6:07  Supply Depot  
  30  6:12  Orbital Command  
  30  6:15  Marine x2  
  30  6:17  Marine x2  
  34  6:26  Factory Reactor  
  34  6:32  Supply Depot  
  34  6:33  Marine x2  
  34  6:35  Marine x2  
  34  6:37  Medivac  
  36  6:49  Terran Infantry Armor Level 1  
  36  6:51  Marine x2  
  36  6:53  Marine x2  
  38  7:08  Marine  
  38  7:09  Marine  
  38  7:10  Marine x2, SCV  
  38  7:11  SCV  
  44  7:22  SCV  
  45  7:26  Marine x2  
  45  7:28  Marine x2  
  49  7:34  SCV  
  50  7:40  SCV  
  51  7:44  Marine x2  
  51  7:46  Marine x2, SCV  
  51  7:47  Armory  
  56  7:52  SCV  
  57  7:58  SCV  
  57  8:02  Marine x2  
  57  8:04  Marine x2  
  60  8:10  SCV  
  61  8:20  Marine x2  
  61  8:22  Marine x2, SCV  
  66  8:30  Medivac x2  
  70  8:38  Refinery  
  70  8:39  Refinery  
  70  8:42  Supply Depot  
  70  8:52  Supply Depot  
  70  9:02  Supply Depot  
  70  9:04  Medivac, Marine, SCV, Widow Mine x2  
  70  9:05  Supply Depot  
  78  9:13  Medivac, Marine x2  
  78  9:15  Supply Depot  
  82  9:24  SCV  
  82  9:25  Marine, Supply Depot  
  82  9:26  Widow Mine x2, Marine  
  82  9:28  Supply Depot  
  82  9:31  Marine x2  
  89  9:34  Medivac  
  89  9:36  SCV  
  94  9:43  Marine  
  94  9:44  Marine  
  96  9:48  SCV  
  96  9:49  Supply Depot, Marine x2  
  99  10:01  Marine x2, SCV  
  99  10:07  Marine x2  
  102  10:11  Supply Depot  
  104  10:19  Marine x2  
  100  10:24  Marine  
Show
View Real Time Build Order
Export as new Build Order

axu Protoss 

Build Orders: 1 Gate Expand, Oracle Opening 

Get SALT Encoding   

  12  0:01  Probe  
  13  0:13  Probe  
  14  0:21  Pylon  
  14  0:25  Probe  
  15  0:39  Probe (Chrono Boost)  
  15  0:40  Gateway  
  16  0:51  Assimilator, Probe (Chrono Boost)  
  17  0:58  Probe (Chrono Boost)  
  18  1:05  Probe  
  19  1:17  Probe  
  20  1:27  Nexus  
  21  1:37  Cybernetics Core  
  20  1:48  Probe  
  21  1:54  Assimilator  
  21  1:56  Pylon  
  21  2:00  Probe  
  22  2:14  Probe (Chrono Boost)  
  23  2:19  Stargate  
  23  2:26  Probe (Chrono Boost)  
  23  2:29  Adept (Chrono Boost)  
  21  3:02  Probe  
  21  3:03  Probe  
  21  3:05  Stalker (Chrono Boost)  
  22  3:12  Oracle (Chrono Boost)  
  26  3:21  Probe x2  
  25  3:46  Oracle (Chrono Boost), Probe  
  23  3:57  Stalker (Chrono Boost)  
  25  4:09  Gateway  
  25  4:11  Gateway  
  21  4:22  Stalker (Chrono Boost)  
  14  4:39  Probe  
  14  4:40  Probe  
  16  4:54  Pylon  
  16  4:55  Probe x2 (Chrono Boost)  
  18  5:07  Probe (Chrono Boost)  
  15  5:22  Probe  
  16  5:36  Probe (Chrono Boost)  
  17  5:55  Probe (Chrono Boost)  
  19  6:05  Probe (Chrono Boost)  
  19  6:26  Gateway  
  19  6:35  Probe  
  14  7:02  Probe x2 (Chrono Boost)  
  16  7:11  Warp Gate  
  16  7:13  Probe x2 (Chrono Boost)  
  18  7:17  Probe (Chrono Boost)  
  18  7:18  Probe (Chrono Boost)  
  20  7:28  Probe (Chrono Boost)  
  22  7:30  Probe (Chrono Boost)  
  23  7:38  Probe x2 (Chrono Boost)  
  23  7:43  Probe x2 (Chrono Boost)  
  26  7:54  Probe  
  26  7:55  Probe  
  28  8:03  Stalker  
  26  8:06  Probe  
  26  8:10  Probe  
  26  8:28  Probe  
  26  8:29  Pylon, Probe  
  28  8:41  Probe (Chrono Boost)  
  30  8:42  Probe (Chrono Boost)  
  30  8:53  Probe (Chrono Boost)  
  30  8:54  Probe (Chrono Boost)  
  32  8:57  Assimilator  
  32  9:00  Probe x2 (Chrono Boost)  
  34  9:07  Probe  
  35  9:14  Probe  
  35  9:17  Oracle (Chrono Boost)  
  39  9:27  Stalker  
  39  9:28  Stalker  
  39  9:29  Stalker  
  45  9:39  Probe x2, Pylon  
  47  9:47  Oracle  
  47  9:49  Stalker  
  47  9:51  Probe x2  
  54  9:57  Stalker  
  54  9:58  Stalker  
  58  10:06  Probe  
  59  10:07  Probe, Pylon  
  59  10:12  Assimilator  
  43  10:30  Stalker x3  
Tags
 
Add a new tag
Caveats
  • Supply blocks, unpowered buildings, or Contaminate may cause inaccurate times.
  • Supply counts are checked every 10 seconds.